 Dungeon Crawl Stone Soup version 0.30-a0-253-g6b895097cc (webtiles) character file.

Game seed: 7385573307709886993

3091 Ijustatesigmund the Fighter (level 9, -2/60 HPs)
             Began as a Gargoyle Fighter on Oct 13, 2022.
             Was a Priest of Cheibriados.
             Slain by a two-headed ogre
             ... wielding a +0 giant spiked club
              (9 damage)
             ... on level 7 of the Dungeon.
             The game lasted 00:12:58 (6579 turns).

Ijustatesigmund the Fighter (Gargoyle Fighter)      Turns: 6579, Time: 00:12:59

Health: -2/60      AC: 19    Str: 30    XL:     9   Next: 89%
Magic:  13/13      EV: 11    Int: 17    God:    Cheibriados [***...]
Gold:   118        SH: 11    Dex: 21    Spells: 8/8 levels left

rFire   . . .      SeeInvis +    n - +2 flail (holy)
rCold   + . .      Faith    .    c - +1 kite shield
rNeg    + . .      Spirit   .    b - +0 steam dragon scales
rPois   ∞          Reflect  .    t - +1 helmet {SInv}
rElec   +          Harm     .    f - +2 cloak
rCorr   .          Rampage  .    (no gloves)
Will    .....                    s - +0 pair of boots
Stlth   ++........               (no amulet)
HPRegen 0.30/turn                l - ring "Maciobib" {rPois rC+ Int+2 Slay+4}
MPRegen 0.13/turn                u - +6 ring of dexterity

@: about to teleport, very slow
A: sickness immunity, AC +6, negative energy resistance 1, electricity
resistance, torment resistance 1, petrification resistance
a: Renounce Religion, Bend Time, Temporal Distortion


You were on level 7 of the Dungeon.
You worshipped Cheibriados.
Cheibriados was most pleased with you.
You visited 2 branches of the dungeon, and saw 8 of its levels.

You collected 313 gold pieces.
You spent 195 gold pieces at shops.

Inventory:

Hand Weapons
 a - a +0 morningstar
 n - a +2 flail of holy wrath (weapon)
Armour
 b - +0 steam dragon scales (worn)
 c - a +1 kite shield (worn)
 f - a +2 cloak (worn)
 s - a +0 pair of boots (worn)
 t - a +1 helmet of see invisible (worn)
Jewellery
 l - the ring "Maciobib" (left hand) {rPois rC+ Int+2 Slay+4}
   (You found it on level 3 of the Dungeon)

   [ring of protection from cold]

   Int:       It affects your intelligence (+2).
   Slay:      It affects your accuracy & damage with ranged weapons and melee
   (+4).
   rC:        It protects you from cold.
   rPois:     It protects you from poison.
 u - a +6 ring of dexterity (right hand)
Wands
 k - a wand of flame (11)
 q - a wand of acid (6)
Scrolls
 i - a scroll of amnesia
 j - 4 scrolls of teleportation
 v - a scroll of enchant armour
Potions
 d - 7 potions of might
 e - 5 potions of curing
 g - 3 potions of lignification
 m - a potion of flight
 p - a potion of heal wounds
 r - 2 potions of attraction


   Skills:
 + Level 9.0 Fighting
 + Level 7.8 Maces & Flails
 - Level 5.9 Armour
 + Level 2.7 Dodging
 - Level 3.2 Shields
 + Level 6.1 Invocations


You had 8 spell levels left.
You didn't know any spells.
Your spell library contained the following spells:

 Spells                   Type           Power      Damage    Failure   Level
 Foxfire                  Conj/Fire      0%         2x1d4     58%         1
 Slow                     Hex            0%         N/A       58%         1
 Ensorcelled Hibernation  Hex/Ice        0%         N/A       73%         2
 Confusing Touch          Hex            0%         N/A       91%         3
 Ignite Poison            Fire/Tmut/Pois 0%         N/A       91%         3
 Spider Form              Tmut/Pois      0%         N/A       91%         3
 Vampiric Draining        Necr           0%         2d6       91%         3
 Anguish                  Hex/Necr       0%         N/A       100%        4
 Sticky Flame             Conj/Fire      0%         2d3       100%        4
 Alistair's Intoxication  Tmut/Pois      0%         N/A       100%        5
 Borgnjor's Vile Clutch   Necr/Erth      0%         N/A       100%        5
 Fireball                 Conj/Fire      0%         3d3       100%        5
 Eringya's Noxious Bog    Tmut/Pois      0%         N/A       100%        6
 Starburst                Conj/Fire      0%         6d3       100%        6
 Ignition                 Fire           0%         3d3       100%        8


Dungeon Overview and Level Annotations

Branches:
Dungeon (7/15)             Temple (1/1) D:6

Altars:
Ashenzari
Cheibriados
Dithmenos
Elyvilon
Gozag
Hepliaklqana
Kikubaaqudgha
Makhleb
Nemelex Xobeh
Okawaru
Qazlal
Ru
Trog
Vehumet
Xom
Yredelemnul
Zin

Shops:
D:3 (   D:4 :   D:5 [


Innate Abilities, Weirdness & Mutations

You are immune to sickness and miasma.
Your stone body is resilient. (AC +6)
You are immune to poison.
You resist negative energy. (rN+)
You are resistant to electric shocks. (rElec)
You are resistant to unholy torment.
You are immune to petrification.


Message History

You completely miss the two-headed ogre.
The two-headed ogre hits you with a +0 giant spiked club!
You block the two-headed ogre's attack.
You hit the two-headed ogre.
The two-headed ogre is lightly wounded.
An orc wizard comes into view. It is wielding a +0 dagger.
An orc priest comes into view. It is wielding a +0 short sword.
The two-headed ogre closely misses you.
The two-headed ogre hits you but does no damage.
The orc priest shouts!
The orc wizard shouts!
You hit the two-headed ogre but do no damage.
The two-headed ogre is lightly wounded.
You sock the two-headed ogre!
The two-headed ogre is moderately wounded.
The two-headed ogre misses you. You block the two-headed ogre's attack.
You sock the two-headed ogre!
The two-headed ogre is heavily wounded.
The orc wizard complains loudly.
You block the two-headed ogre's attack.
The two-headed ogre hits you with a +0 giant club!
You are too injured to fight recklessly!
You are too injured to fight recklessly!
You are too injured to fight recklessly!
You are too injured to fight recklessly!
You are too injured to fight recklessly!
You are too injured to fight recklessly!
You are too injured to fight recklessly!
You are too injured to fight recklessly!
You are too injured to fight recklessly!
You are too injured to fight recklessly!
You are too injured to fight recklessly!
You are too injured to fight recklessly!
You are too injured to fight recklessly!
You are too injured to fight recklessly!
As you read the scroll of teleportation, it crumbles to dust.
You feel strangely unstable.
The two-headed ogre hits you with a +0 giant spiked club!!
* * * LOW HITPOINT WARNING * * *
The two-headed ogre hits you with a +0 giant club!
You die...

#### '..'
#######''######
...............
...............
......Oo.......
....o..@.......
#######''######
######))).######
.....'.)(.'.....
######....######
###########''''#####
....................
≈~≈~~≈~~~≈~....~~~~~
≈≈≈~≈≈≈≈≈~~)...~~≈≈≈


You could see a two-headed ogre, an orc priest and an orc wizard.

Vanquished Creatures
  A shadow (D:6)
  A steam dragon (D:6)
  An orc warrior (D:7)
  A sky beast (D:4)
  7 ogres
  A black bear (D:5)
  A phantom (D:5)
  3 bullfrogs (D:6)
  5 gnoll sergeants
  3 necrophages
  3 howler monkeys
  5 hounds
  An iron imp (D:4)
  6 orc priests
  A gnoll bouda (D:7)
  3 jellies
  Crazy Yiuf (D:6)
  2 iguanas
  Natasha (thrice) (D:4)
  3 orc wizards
  16 gnolls
  7 adders
  3 shadow imps
  2 white imps
  3 worms
  2 dart slugs
  20 orcs
  9 ball pythons (D:3)
  6 endoplasms
  4 giant cockroaches
  2 goblins
  9 hobgoblins
  2 jackals (D:2)
  7 quokkas
  2 bats
  A frilled lizard (D:2)
  8 kobolds
  3 rats
158 creatures vanquished.

Vanquished Creatures (others)
  An orc (D:6)
  3 plants
4 creatures vanquished.

Grand Total: 162 creatures vanquished

Notes
Turn   | Place    | Note
-------+----------+-------------------------------------------
     0 | D:1      | Ijustatesigmund the Gargoyle Fighter began the quest for
                  | the Orb.
     0 | D:1      | Reached XP level 1. HP: 14/14 MP: 1/1
    90 | D:1      | Found a faded altar of an unknown god.
   644 | D:2      | Reached XP level 2. HP: 9/20 MP: 2/2
   922 | D:2      | Reached XP level 3. HP: 22/24 MP: 3/3
   954 | D:2      | Reached skill level 4 in Fighting
  1587 | D:3      | Identified the ring "Maciobib" {rPois rC+ Int+2 Slay+4}
  1824 | D:3      | Reached XP level 4. HP: 27/30 MP: 4/4
  1965 | D:4      | Found Gotey's Book Boutique.
  2068 | D:3      | Found Faerufer's Weapon Emporium.
  2350 | D:4      | Found a snail-covered altar of Cheibriados.
  2351 | D:4      | Noticed Natasha
  2359 | D:4      | Reached skill level 5 in Fighting
  2359 | D:4      | Reached XP level 5. HP: 13/35 MP: 5/5
  2360 | D:4      | Killed Natasha
  2459 | D:4      | Noticed Natasha
  2469 | D:4      | Killed Natasha
  2473 | D:4      | Identified the +1 scale mail "Maakh" {Harm rC+ Str+4}
  2628 | D:4      | Noticed Natasha
  2629 | D:4      | Killed Natasha
  2653 | D:4      | Noticed a sky beast
  2669 | D:4      | Killed a sky beast
  2670 | D:4      | Reached XP level 6. HP: 32/41 MP: 6/6
  2735 | D:4      | Reached skill level 6 in Fighting
  2735 | D:4      | Reached skill level 5 in Maces & Flails
  3122 | D:4      | Became a worshipper of Cheibriados the Contemplative
  3137 | D:5      | Entered Level 5 of the Dungeon
  3329 | D:4      | Reached XP level 7. HP: 43/46 MP: 7/7
  3404 | D:5      | Reached skill level 1 in Invocations
  3538 | D:5      | Found Wogoky's Antique Armour Boutique.
  3562 | D:5      | Bought a shiny helmet for 195 gold pieces
  3765 | D:5      | Reached XP level 8. HP: 35/52 MP: 9/9
  4038 | D:5      | Found a shadowy altar of Dithmenos.
  4085 | D:5      | Reached skill level 7 in Fighting
  4207 | D:5      | Reached * piety under Cheibriados
  4429 | D:5      | Reached skill level 5 in Armour
  4865 | D:6      | Found a staircase to the Ecumenical Temple.
  5181 | D:6      | Reached XP level 9. HP: 18/59 MP: 12/12
  5183 | D:6      | Reached ** piety under Cheibriados
  5205 | Temple   | Entered the Ecumenical Temple
  5559 | D:6      | Reached skill level 8 in Fighting
  5657 | D:6      | Found a runed translucent door.
  5658 | D:6      | Noticed Crazy Yiuf
  5792 | D:6      | Killed Crazy Yiuf
  5859 | D:7      | Reached skill level 1 in Dodging
  5859 | D:7      | Reached skill level 5 in Invocations
  6557 | D:7      | Reached skill level 9 in Fighting
  6560 | D:7      | Reached *** piety under Cheibriados
  6570 | D:7      | Noticed a two-headed ogre
  6579 | D:7      | Slain by a two-headed ogre

Illustrated notes

Levels and vault maps discovered:
D:1:      wander_arrival_fairy_ring, layout_basic,
          shapermc_ecumenical_altar_totnotflames
D:2:      layout_basic, chequers_mini_garden, minmay_door_square
D:3:      layout_basic, serial_shops, nicolae_shop_bloodbath_and_beyond,
          minmay_shallow_snake_nest
D:4:      layout_basic, slow_altar_1, serial_shops, shop, bh_walls_and_bars,
          uniq_natasha
D:5:      layout_cave_pods, mainiacjoe_overflow_alcove_1, serial_shops, shop
D:6:      layout_rooms, minmay_temple_entry_arrows, uniq_crazy_yiuf_cottage
D:7:      lemuel_castle_with_subvaults [lemuel_castle_interior_original],
          layout_loops_ring, grunt_decor_fettered, kennysheep_another_room
Temple:   bh_familiar_temple

Skill      XL: |  1  2  3  4  5  6  7  8  9 |
---------------+----------------------------+-----
Fighting       | 4 5 6 7 9 |  9.0
Maces & Flails | 3 4 5 6 7 |  7.8
Invocations    | 2 4 6 |  6.1
Armour         | 4 5 |  5.9
Dodging        | 2 |  2.7
Shields        | |  3.2

Action                   |  1- 3 |  4- 6 |  7- 9 || total
-------------------------+-------+-------+-------++-------
Melee: Flail             |   108 |       |   215 ||   323
       Mace              |    33 |   109 |    52 ||   194
  Use: Scroll            |     3 |     3 |     9 ||    15
       Potion            |       |     1 |     3 ||     4
Armor: Scale mail        |    67 |    48 |    81 ||   196
       Steam dragon scal |       |       |    49 ||    49
Dodge: Dodged            |    68 |    61 |   125 ||   254
Block: Buckler           |    27 |    16 |     9 ||    52
       Kite shield       |       |       |   128 ||   128

Table legend: (Time is in decaauts)
 A = Elapsed time spent in this place.
 B = Non-inter-level travel time spent in this place.
 C = Inter-level travel time spent in this place.
 D = Time resting spent in this place.
 E = Time spent auto-exploring this place.
 F = Levels seen in this place.
 G = Mean time per level.
                   A        B        C        D        E       F      G
               +--------+--------+--------+--------+--------+-----+--------+
         Total |   7346 |   7078 |    268 |   1289 |   4186 |   8 |  918.2 |
       Dungeon |   6911 |   6681 |    230 |   1164 |   3951 |   7 |  987.3 |
        Temple |    435 |    397 |     38 |    124 |    234 |   1 |  435.0 |
               +--------+--------+--------+--------+--------+-----+--------+

Top non-repeatable levels by time:
     D:5: 1728 daAuts
     D:6: 1376 daAuts
     D:4: 1210 daAuts
     D:2: 928 daAuts
     D:3: 794 daAuts
     D:1: 558 daAuts
  Temple: 435 daAuts
     D:7: 315 daAuts
